 Dungeon Crawl Stone Soup version 0.21.1-1-g345015f (webtiles) character file.

261 Wendigo the Chucker (level 6, -1/55 HPs)
             Began as an Ogre Arcane Marksman on July 14, 2018.
             Slain by an orc wizard
             ... wielding a +0 dagger
              (2 damage)
             ... on level 4 of the Dungeon on July 15, 2018.
             The game lasted 00:13:35 (4108 turns).

Wendigo the Chucker (Ogre Arcane Marksman)          Turns: 4108, Time: 00:13:36

Health: -1/55      AC:  3    Str: 17    XL:     6   Next: 18%
Magic:  10/10      EV: 10    Int: 14    God:
Gold:   192        SH:  0    Dex: 14    Spells: 7/11 levels left

rFire    . . .     SeeInvis .   e - +0 dagger (venom)
rCold    . . .     Gourm    +   (no shield)
rNeg     + . .     Faith    .   a - +0 robe
rPois    .         Spirit   .   (helmet restricted)
rElec    .         Reflect  .   (no cloak)
rCorr    .         Harm     .   (gloves unavailable)
MR       .....                  (boots unavailable)
Stlth    +.........             p - amulet of the gourmand
HPRegen  0.18/turn              k - ring of positive energy
MPRegen  0.12/turn              u - +5 ring of dexterity

@: no status effects
A: large, unfitting armour, tough skin 1
a: no special abilities


You were on level 4 of the Dungeon.
You were not hungry.

You visited 1 branch of the dungeon, and saw 4 of its levels.

You collected 192 gold pieces.

Inventory:

Hand Weapons
 e - a +0 dagger of venom (weapon)
 h - a +0 mace
Missiles
 d - 2 throwing nets
 g - 61 stones (quivered)
 o - 4 large rocks
Armour
 a - a +0 robe (worn)
Jewellery
 k - a ring of positive energy (left hand)
 m - an uncursed amulet of magic regeneration
 p - an amulet of the gourmand (around neck)
 u - a +5 ring of dexterity (right hand)
 w - an uncursed ring of poison resistance {unknown}
Wands
 q - a wand of polymorph (8)
Scrolls
 c - 2 scrolls of remove curse {unknown}
 r - a scroll of enchant armour {unknown}
 x - a scroll of teleportation {unknown}
 y - a scroll of identify
Potions
 i - a potion of lignification {unknown}
 j - a potion of mutation {unknown}
 l - 3 potions of heal wounds {unknown}
 n - a potion of might {unknown}
 t - a potion of magic
 v - a potion of haste {unknown}
Books
 b - a book of Debilitation

   Spells                             Type                      Level
   a - Corona                         Hexes                        1
   b - Slow                           Hexes                        2
   c - Inner Flame                    Hexes/Fire                   3
   d - Portal Projectile              Hexes/Translocation          3
   e - Cause Fear                     Hexes                        4
   f - Leda's Liquefaction            Hexes/Earth                  4
Comestibles
 f - 8 rations


   Skills:
 - Level 1.3 Fighting
 + Level 4.5 Throwing
 - Level 1.7 Dodging
 - Level 3.0 Spellcasting
 - Level 3.5 Hexes
 - Level 2.0 Translocations


You had 7 spell levels left.
You knew the following spells:

 Your Spells              Type           Power        Failure   Level  Hunger
a - Corona                Hex            ##.....      4%          1    #......
b - Portal Projectile     Hex/Tloc       #.....       21%         3    ###....


Dungeon Overview and Level Annotations

Branches:
Dungeon (4/15)
 Temple: D:4-7

Altars:
Cheibriados
The Shining One

Annotations:
D:2 exclusion: downstairs
D:3 Ethylacetat's ghost, amateur NaGl


Innate Abilities, Weirdness & Mutations

You are too large for most types of armour.
You have tough skin. (AC +1)


Message History

You closely miss something.
You hear some strange, mumbled words.
You are confused.
You hit something but do no damage.
You hear some strange, mumbled words.
A puff of flame appears from out of thin air!
The puff of flame hits you!
* * * LOW HITPOINT WARNING * * *
You hit something but do no damage. Something hits you but does no damage.
Something hits you.
* * * LOW HITPOINT WARNING * * *
Something hits you.
* * * LOW HITPOINT WARNING * * *
Something hits you but does no damage.
You closely miss something.
You feel less confused. Something hits you.
* * * LOW HITPOINT WARNING * * *
It was a potion of magic.
Magic courses through your body. Something hits you.
You die...

... .......#+####..(.(#
...###+#.......#...##.(...#
#.............#....#o....#
#.............#..))).....#
#.............#...##.....#
#.............+...###########
#.............#...##.........
####............##[####.........
##..#####'#.....@#.....#.........
#(........#......#.....#.........
#.........#......'.....#.........
#.........#......#######.........
####..#...#............#.........
....#######............#.....##..
....# #............#####'##..
....# #............#.........
....# #............'.........


There were no monsters in sight!

Vanquished Creatures
  A scorpion (D:4)
  2 orc priests
  An orc wizard (D:4)
  A worker ant (D:4)
  An adder (D:3)
  5 worms
  5 dart slugs
  3 leopard geckos
  6 orcs
  A ball python (D:1)
  11 bats
  2 giant cockroaches (D:2)
  6 goblins
  8 hobgoblins
  4 jackals
  A quokka (D:3)
  2 frilled lizards
  4 kobolds
  A quokka skeleton (D:4)
  6 rats
71 creatures vanquished.

Notes
Turn   | Place    | Note
-------+----------+-------------------------------------------
     0 | D:1      | Wendigo the Ogre Arcane Marksman began the quest for the Orb.
     0 | D:1      | Reached XP level 1. HP: 19/19 MP: 2/2
   208 | D:1      | Reached XP level 2. HP: 20/27 MP: 3/3
   451 | D:1      | Reached skill level 3 in Throwing
   670 | D:1      | Reached XP level 3. HP: 33/33 MP: 4/4
  1126 | D:2      | Found a snail-covered altar of Cheibriados.
  1143 | D:2      | Learned a level 3 spell: Portal Projectile
  1650 | D:2      | Reached XP level 4. HP: 40/41 MP: 6/6
  2214 | D:3      | Noticed Ethylacetat's ghost (amateur NaGl)
  2910 | D:3      | Reached skill level 4 in Throwing
  2918 | D:3      | Reached skill level 1 in Translocations
  2918 | D:3      | HP: 2/41 [orc priest/dagger (2)]
  2921 | D:3      | Reached XP level 5. HP: 3/48 MP: 8/8
  3487 | D:3      | Found a glowing golden altar of the Shining One.
  3998 | D:4      | Reached XP level 6. HP: 30/55 MP: 10/10
  4107 | D:4      | HP: 1/55 [something (3)]
  4108 | D:4      | Slain by an orc wizard

Skill      XL: |  1  2  3  4  5  6 |
---------------+-------------------+-----
Throwing       | 3 4 |  4.5
Spellcasting   | 2 3 |  3.0
Hexes          | 3 |  3.5
Translocations | 1 2 |  2.0
Fighting       | |  1.3
Dodging        | |  1.7

Action                   |  1- 3 |  4- 6 || total
-------------------------+-------+-------++-------
Melee: Dagger            |   114 |   113 ||   227
       Unarmed           |     2 |       ||     2
Throw: Stone             |    36 |    73 ||   109
       Large rock        |     1 |     4 ||     5
       Throwing net      |       |     2 ||     2
 Cast: Corona            |       |     2 ||     2
  Use: Scroll            |     1 |     2 ||     3
       Potion            |       |     3 ||     3
 Stab: Sleeping          |     1 |       ||     1
  Eat: Chunk             |     2 |     9 ||    11
Armor: Robe              |    56 |    15 ||    71
Dodge: Dodged            |    67 |    39 ||   106
